 Dungeon Crawl Stone Soup version 0.30.1-3-gfc49f6343a (webtiles) character file.

Game seed: 14518046102527122305

24077 sakkuzi the Severer (level 12, -2/112 HPs)
             Began as a Minotaur Berserker on July 15, 2023.
             Was an Elder of Trog.
             Slain by an ogre
             ... wielding a +0 giant club
             ... led by Lodul
              (24 damage)
             ... on level 14 of the Dungeon on July 20, 2023.
             The game lasted 00:40:52 (20292 turns).

sakkuzi the Severer (Minotaur Berserker)           Turns: 20292, Time: 00:40:53

Health: -2/112     AC: 24    Str: 28    XL:     12   Next: 77%
Magic:  3/3        EV:  8    Int:  4    God:    Trog [****..]
Gold:   579        SH:  6    Dex: 15    Spells: 11/11 levels left

rFire   . . .        D - +2 hand axe (antimagic)
rCold   . . .        w - +3 buckler
rNeg    . . .        m - +0 plate armour
rPois   .            (helmet restricted)
rElec   .            x - +2 cloak
rCorr   .            t - +2 pair of gloves
SInv    .            r - +0 pair of boots
Will    +....        E - amulet of regeneration Stlth
                     c - +6 ring of strength
HPRegen 1.18/turn    b - ring of willpower
MPRegen 0.08/turn

%: no passive effects
@: on berserk cooldown, hasted and slowed
A: horns 2, retaliatory headbutt
a: Renounce Religion, Berserk, Trog's Hand, Brothers in Arms


You were on level 14 of the Dungeon.
You worshipped Trog.
Trog was greatly pleased with you.
You visited 1 branch of the dungeon, and saw 14 of its levels.

You collected 845 gold pieces.
You spent 266 gold pieces at shops.

Inventory:

Hand Weapons
 D - a +2 antimagic hand axe (weapon)
Missiles
 g - 27 poisoned darts (quivered)
Armour
 m - a +0 plate armour (worn)
 r - a +0 pair of boots (worn)
 t - a +2 pair of gloves (worn)
 w - a +3 buckler (worn)
 x - a +2 cloak (worn)
Jewellery
 b - a ring of willpower (right hand)
 c - a +6 ring of strength (left hand)
 E - an amulet of regeneration (around neck)
Wands
 e - a wand of quicksilver (1)
 v - a wand of polymorph (10)
 y - a wand of charming (6)
 A - a wand of iceblast (10)
 F - a wand of digging (1)
 H - a wand of mindburst (11)
Scrolls
 a - 7 scrolls of identify
 f - 3 scrolls of fear
 h - 7 scrolls of teleportation
 j - 3 scrolls of immolation
 k - a scroll of amnesia {unknown}
 l - 2 scrolls of poison
 n - 2 scrolls of magic mapping
 o - 2 scrolls of blinking
 s - a scroll of enchant armour
 u - 2 scrolls of fog {unknown}
 G - 2 scrolls of noise {unknown}
Potions
 d - 4 potions of magic
 i - 4 potions of invisibility
 p - 2 potions of haste
 q - 3 potions of might
 z - a potion of resistance
 B - 5 potions of curing
 C - a potion of lignification {unknown}


   Skills:
 + Level 12.2 Fighting
 * Level 16.6 Axes
 + Level 9.7 Throwing
 + Level 12.0 Armour
 - Level 2.1 Dodging


You had 11 spell levels left.
You didn't know any spells.
Your spell library was empty.

Dungeon Overview and Level Annotations

Branches:
Dungeon (14/15)            Temple (0/1) D:5            Lair (0/5) D:11
    Orc (0/2) D:9          Vaults (0/5) D:13

Altars:
Cheibriados
Dithmenos
Makhleb
Uskayaw
Zin

Shops:
D:3 [   D:6 (   D:9 !

Annotations:
D:11 2 transporters, Strat's ghost, journeyman GrEE


Innate Abilities, Weirdness & Mutations

You have a pair of horns on your head.
You reflexively headbutt those who attack you in melee.


Message History

You barely miss Lodul.
Lodul is moderately wounded.
Lodul hits you with a +1 dire flail of protection.
You slash Lodul!
Lodul's magic leaks into the air.
Lodul is heavily wounded.
You slash Lodul!
Lodul's magic leaks into the air.
Lodul is heavily wounded.
You hit Lodul but do no damage. You headbutt Lodul!
Lodul is severely wounded.
Lodul barely misses you.
You hit Lodul but do no damage. You headbutt Lodul.
Lodul is severely wounded.
You slash Lodul!
Lodul's magic leaks into the air.
Lodul is severely wounded.
Lodul hits you with a +1 dire flail of protection!!
* * * LOW HITPOINT WARNING * * *
You hit Lodul.
Lodul's magic leaks into the air.
You headbutt Lodul.
Lodul is almost dead.
You slash Lodul!
You kill Lodul!
Trog accepts your kill.
Your Armour skill increases to level 12!
You slash the ogre! You headbutt the ogre!
The ogre is severely wounded.
The ogre hits you but does no damage.
You slash the ogre!
You kill the ogre!
Trog accepts your kill. You block the ogre's attack.
The ogre closely misses you. You furiously retaliate!
You headbutt the ogre.
Things that are here:
a +0 giant club; a +1 dire flail of protection; 441 gold pieces You slash the ogre!
The ogre is heavily wounded.
You hit the ogre. You barely miss the ogre. Your headbutt misses the ogre.
The ogre is heavily wounded.
You hit the ogre.
The ogre hits you with a +0 giant club!!
You die...

################
#..............#
#..............#
#)†............#
.
#.###########..#
...#####@#
#..###
.......OO#
#.....
.........#
#.....
.........#
#.....
.........#
#.....
..........
.......
.........(.
........
...#########
######### ...


You could see 2 ogres.

Vanquished Creatures
  Nessos (D:12)
  Erolcha (D:9)
  A catoblepas (D:14)
  2 centaur warriors
  A hydra (D:13)
  2 two-headed ogres
  A boulder beetle (D:13)
  Nergalle (D:11)
  Lodul (D:14)
  A wizard (D:13)
  5 manticores
  A cyclops (D:12)
  Joseph (D:9)
  A gargoyle (D:11)
  2 kobold demonologists (D:11)
  An efreet (D:14)
  5 trolls
  Grinder (D:6)
  Prince Ribbit (D:8)
  3 shadows (D:10)
  16 yaks
  4 wyverns
  4 wraiths
  Grum (D:8)
  4 steam dragons
  Menkaure (D:5)
  2 vampire mosquitoes (D:10)
  An acid dragon (D:11)
  2 water moccasins (D:4)
  3 black bears
  3 ice beasts (D:7)
  7 orc warriors
  A sky beast (D:7)
  7 ogres
  2 wolves (D:8)
  7 centaurs
  A phantom (D:4)
  2 kobold brigands (D:11)
  6 bullfrogs
  2 gnoll sergeants
  2 scorpions
  17 wights
  11 killer bees
  4 electric eels (D:9)
  8 howler monkeys
  A jelly (D:6)
  2 hounds
  13 orc priests
  A gnoll bouda (D:5)
  A sleepcap (D:4)
  4 iguanas
  13 orc wizards
  15 gnolls
  9 adders
  A white imp (D:7)
  An ufetubus (D:4)
  2 worms
  3 dart slugs (D:4)
  28 orcs
  5 endoplasms
  8 giant cockroaches
  9 hobgoblins
  6 jackals
  5 ball pythons
  4 bats
  2 frilled lizards
  8 goblins
  10 kobolds
  4 rats
306 creatures vanquished.

Vanquished Creatures (others)
  Maurice (D:8)
1 creature vanquished.

Grand Total: 307 creatures vanquished

Notes
Turn   | Place    | Note
-------+----------+-------------------------------------------
     0 | D:1      | sakkuzi the Minotaur Berserker began the quest for the Orb.
     0 | D:1      | Reached XP level 1. HP: 19/19 MP: 0/0
     5 | D:1      | Upgraded the game from 0.30.1-1-g62c8e00024 to
                  | 0.30.1-3-gfc49f6343a
   273 | D:1      | Reached skill level 4 in Axes
   327 | D:1      | Reached XP level 2. HP: 22/27 MP: 1/1
  1109 | D:1      | Reached XP level 3. HP: 31/33 MP: 2/2
  1330 | D:2      | Reached ** piety under Trog
  1938 | D:3      | Reached XP level 4. HP: 40/40 MP: 3/3
  1968 | D:3      | Found a glowing silver altar of Zin.
  2032 | D:3      | Found Anoog's Armour Boutique.
  2409 | D:3      | Reached skill level 5 in Axes
  2414 | D:3      | Reached skill level 1 in Throwing
  2433 | D:3      | Reached XP level 5. HP: 18/47 MP: 4/4
  2577 | D:4      | Noticed an ogre
  2578 | D:4      | Noticed a water moccasin
  2843 | D:4      | Found a shadowy altar of Dithmenos.
  3139 | D:4      | Killed an ogre
  3140 | D:4      | Reached skill level 5 in Fighting
  3140 | D:4      | Reached skill level 6 in Axes
  3140 | D:4      | Reached XP level 6. HP: 56/56 MP: 5/5
  3350 | D:4      | Killed a water moccasin
  3777 | D:4      | Reached XP level 7. HP: 50/61 MP: 6/6
  4076 | D:4      | Reached skill level 7 in Axes
  4620 | D:4      | Reached skill level 5 in Armour
  4784 | D:5      | Entered Level 5 of the Dungeon
  4787 | D:5      | Noticed Menkaure
  4917 | D:5      | Killed Menkaure
  5146 | D:5      | Reached skill level 8 in Axes
  5161 | D:5      | Found a staircase to the Ecumenical Temple.
  5180 | D:5      | Reached XP level 8. HP: 53/70 MP: 7/7
  5918 | D:6      | Found a hide-covered altar of Uskayaw.
  6098 | D:6      | Reached skill level 9 in Axes
  6951 | D:6      | Found Byucluniliuh's Weapon Shop.
  6969 | D:6      | Reached XP level 9. HP: 79/79 MP: 8/8
  7076 | D:6      | Noticed Grinder
  7088 | D:6      | Killed Grinder
  7089 | D:6      | Reached skill level 10 in Axes
  7089 | D:6      | Reached skill level 5 in Throwing
  8885 | D:7      | Reached skill level 11 in Axes
 10184 | D:8      | Noticed Grum
 10192 | D:8      | Killed Grum
 10193 | D:8      | Reached XP level 10. HP: 90/90 MP: 9/9
 10534 | D:8      | Noticed Maurice
 10542 | D:8      | Killed Maurice
 10543 | D:8      | Reached skill level 12 in Axes
 10913 | D:8      | Noticed Prince Ribbit
 10921 | D:8      | Killed Prince Ribbit
 11324 | D:9      | Noticed a centaur warrior
 11337 | D:9      | Noticed Joseph
 11339 | D:9      | Reached *** piety under Trog
 11340 | D:9      | Killed a centaur warrior
 11341 | D:9      | Reached skill level 13 in Axes
 12035 | D:9      | Killed Joseph
 12250 | D:9      | Noticed Erolcha
 12269 | D:9      | Reached XP level 11. HP: 89/99 MP: 10/10
 12428 | D:9      | Killed Erolcha
 12429 | D:9      | Reached skill level 10 in Fighting
 12816 | D:9      | Found a staircase to the Orcish Mines.
 12926 | D:9      | Found Vupn's Distillery.
 12929 | D:9      | Found a snail-covered altar of Cheibriados.
 13092 | D:9      | Bought a potion of curing for 42 gold pieces
 13092 | D:9      | Bought 2 potions of heal wounds for 140 gold pieces
 13092 | D:9      | Bought a potion of curing for 42 gold pieces
 13092 | D:9      | Bought a potion of curing for 42 gold pieces
 13744 | D:10     | Entered Level 10 of the Dungeon
 13939 | D:10     | Reached skill level 10 in Armour
 13958 | D:10     | Reached skill level 14 in Axes
 14869 | D:11     | Noticed a two-headed ogre
 14880 | D:10     | Killed a two-headed ogre
 15381 | D:11     | Noticed Nergalle
 15396 | D:11     | Killed Nergalle
 15575 | D:11     | Noticed a deep elf high priest
 15595 | D:11     | Noticed a two-headed ogre
 15597 | D:11     | Found a transporter.
 15598 | D:11     | Noticed Strat's ghost (journeyman GrEE)
 15601 | D:11     | Found a transporter.
 15634 | D:11     | Reached **** piety under Trog
 15802 | D:11     | Found a burning altar of Makhleb.
 15811 | D:11     | Noticed an Executioner
 15813 | D:11     | Reached skill level 15 in Axes
 16239 | D:11     | Found a staircase to the Lair.
 16455 | D:12     | Reached XP level 12. HP: 109/110 MP: 3/11
 16796 | D:12     | Noticed Nessos
 16808 | D:12     | Killed Nessos
 17943 | D:13     | Identified the +2 leather armour "Abol Xymp" {rElec rN+
                  | Will-}
 17963 | D:13     | Noticed a two-headed ogre
 17972 | D:13     | Noticed a boulder beetle
 17974 | D:13     | Killed a two-headed ogre
 18300 | D:13     | Killed a boulder beetle
 19218 | D:13     | Reached skill level 16 in Axes
 19283 | D:13     | Found a gate to the Vaults.
 19366 | D:13     | Noticed a five-headed hydra
 19380 | D:13     | Killed a 14-headed hydra
 20093 | D:14     | Noticed a centaur warrior
 20105 | D:14     | Killed a centaur warrior
 20244 | D:14     | Noticed a catoblepas
 20246 | D:14     | Noticed Lodul
 20257 | D:14     | Killed a catoblepas
 20287 | D:14     | Killed Lodul
 20292 | D:14     | Slain by an ogre

Illustrated notes

Levels and vault maps discovered:
D:1:      doesnt_arrival_eight_statues, layout_basic, roderic_serpentine_path,
          minmay_worlds_worst_comb
D:2:      layout_loops_cross, feat_on_display
D:3:      layout_loops_ring, mainiacjoe_overflow_alcove_4, serial_shops,
          nicolae_shop_trees
D:4:      layout_basic, lemuel_tele_altar, grunt_ministairs_6
D:5:      layout_rooms, minmay_temple_entry_large_hall, uniq_menkaure
D:6:      layout_basic, nicolae_uskayaw_dance_hall, serial_glass,
          glass_columns_b, glass_columns_a, serial_shops, shop_fountains,
          uniq_grinder
D:7:      layout_basic
D:8:      layout_basic, hellmonk_bongcloud_opening, uniq_prince_ribbit1,
          uniq_maurice, uniq_grum
D:9:      layout_basic, general_overflow_altar, orc_0_dummy, serial_shops, shop,
          serial_bayou, serial_bayou_pond_c, serial_bayou_crossing,
          serial_bayou_lagoon_a, serial_bayou_pond_d, uniq_joseph, uniq_erolcha
D:10:     layout_rooms, fountainhead
D:11:     layout_cave_pools, grunt_lair_entry_orc_guard_hut,
          gammafunk_ghost_arena, eino_tiny_chamber, minmay_holes,
          makhleb_altar_promises_db, uniq_nergalle
D:12:     layout_basic, uniq_nessos
D:13:     layout_big_octagon
D:14:     layout_irregular_city, uniq_lodul, uniq_louise, uniq_snorg

Skill      XL: |  1  2  3  4  5  6  7  8  9 10 11 12 |
---------------+-------------------------------------+-----
Axes           | 4 5 6 8 9 11 13 15 16 | 16.6
Fighting       | 4 5 6 7 8 9 11 12 | 12.2
Armour         | 3 4 5 6 8 9 10 12 | 12.0
Throwing       | 1 2 3 4 6 7 8 9 |  9.7
Dodging        | |  2.1

Action                     |  1- 3 |  4- 6 |  7- 9 | 10-12 || total
---------------------------+-------+-------+-------+-------++-------
  Melee: Hand axe          |    89 |    90 |   280 |   639 ||  1098
         Headbutt          |    13 |    18 |    58 |   187 ||   276
         Punch             |     2 |     1 |     1 |       ||     4
 Invoke: Berserk           |       |     2 |    18 |    27 ||    47
         Trog's Hand       |       |       |     1 |       ||     1
    Use: Scroll            |     3 |     5 |     8 |     4 ||    20
         Potion            |       |     2 |     1 |     5 ||     8
 Armour: Animal skin       |     1 |       |       |       ||     1
         Leather armour    |    14 |       |       |       ||    14
         Chain mail        |    10 |       |       |       ||    10
         Plate armour      |       |    53 |   126 |   330 ||   509
  Dodge: Dodged            |    52 |    30 |    78 |   154 ||   314
  Block: Buckler           |       |       |    33 |   159 ||   192
